General information
- name: BNet
- type: Ladder team game (AT/RT)
- host: Battle.net
- saver: TropicalThunder
map: LastManStanding
- players: 8
- length: 65:20
- speed: Fast
- version: 1.26 W3XP
- replay type: Public
» download(310 KB)
Players
team 1 (winner)
Kermit (
purple | 45 APM | 1905 actions | 42:33)
6 Archmage
3 Summon Water Elemental
2 Brilliance Aura
1 Mass Teleport
5 Paladin
3 Holy Light
2 Divine Shield
» actions
| Assign group hotkey | 36 | |
| Basic commands | 160 | |
| Build / train | 74 | |
| ESC pressed | 1 | |
| Enter build submenu | 29 | |
| Enter hero's abilities submenu | 11 | |
| Give item / drop item | 1 | |
| Right click | 545 | |
| Select / deselect | 555 | |
| Select group hotkey | 333 | |
| Use ability | 156 | |
1905 total
» units
| Peasant | 13 | |
| Footman | 4 | |
| Sorceress | 13 | |
| Priest | 6 | |
| Spell Breaker | 3 | |
| Goblin Sapper | 7 | |
46 total
» upgrades
| Sorceress Training | 2 | |
| Priest Training | 2 | |
| Control Magic | 1 | |
5 total
» buildings
| Altar of Kings | 2 | |
| Farm | 14 | |
| Barracks | 1 | |
| Arcane Vault | 1 | |
| Keep | 3 | |
| Lumber Mill | 1 | |
| Arcane Sanctum | 3 | |
| Castle | 2 | |
| Town Hall | 3 | |
| Scout Tower | 2 | |
| Guard Tower | 2 | |
34 total
» build order
00:21 Altar of Kings
00:33 Farm
00:49 Barracks
01:09 Farm
01:37 Arcane Vault
01:49 Farm
03:17 Keep
03:17 Keep
03:46 Farm
04:30 Farm
04:35 Lumber Mill
05:07 Farm
05:39 Arcane Sanctum
05:44 Arcane Sanctum
05:46 Castle
05:51 Arcane Sanctum
06:01 Farm
07:43 Farm
08:26 Farm
09:19 Farm
09:58 Farm
11:44 Farm
12:24 Farm
13:29 Farm
14:33 Town Hall
21:27 Town Hall
25:32 Scout Tower
25:35 Scout Tower
25:53 Keep
26:01 Guard Tower
26:02 Guard Tower
28:31 Castle
31:09 Town Hall
32:15 Altar of Kings
» items

»
omicron (
teal | 91 APM | 5927 actions | 65:19)
6 Dark Ranger
2 Black Arrow
3 Silence
1 Charm
5 Priestess of the Moon
3 Trueshot Aura
2 Searing Arrows
» actions
| Assign group hotkey | 53 | |
| Basic commands | 983 | |
| Build / train | 129 | |
| Enter build submenu | 28 | |
| Enter hero's abilities submenu | 12 | |
| Give item / drop item | 4 | |
| Remove unit from queue | 6 | |
| Right click | 1207 | |
| Select / deselect | 1283 | |
| Select group hotkey | 2132 | |
| Use ability | 89 | |
5927 total
» units
| Wisp | 29 | |
| Archer | 26 | |
| Goblin Shredder | 3 | |
| Druid of the Talon | 8 | |
| Hippogryph | 6 | |
| Glaive Thrower | 5 | |
| Sorceress | 2 | |
| Priest | 2 | |
81 total
» upgrades
| Moon Armor | 2 | |
| Ultravision | 1 | |
| Improved Bows | 1 | |
| Strength of the Wild | 3 | |
| Strength of the Moon | 4 | |
| Druid of the Talon Training | 2 | |
| Marksmanship | 1 | |
| Reinforced Hides | 3 | |
| Well Spring | 2 | |
| Nature's Blessing | 1 | |
| Mark of the Talon | 1 | |
| Vorpal Blades | 1 | |
| Magic Sentry | 1 | |
23 total
» buildings
| Ancient of War | 4 | |
| Moon Well | 8 | |
| Altar of Elders | 1 | |
| Ancient of Wonders | 1 | |
| Hunter's Hall | 1 | |
| Tree of Ages | 1 | |
| Tree of Life | 4 | |
| Ancient of Wind | 2 | |
| Tree of Eternity | 1 | |
23 total
» build order
00:16 Ancient of War
00:18 Moon Well
00:23 Ancient of War
00:44 Altar of Elders
01:34 Moon Well
02:05 Moon Well
02:46 Ancient of Wonders
03:59 Hunter's Hall
04:42 Tree of Ages
05:00 Tree of Life
07:22 Ancient of Wind
07:44 Tree of Eternity
07:48 Ancient of Wind
08:59 Ancient of War
11:07 Moon Well
11:07 Moon Well
13:39 Tree of Life
17:39 Moon Well
20:00 Moon Well
20:08 Moon Well
23:31 Ancient of War
26:59 Tree of Life
27:59 Tree of Life
» items
| Dust of Appearance | 1 | |
| Scroll of Regeneration | 2 | |
| Scroll of Town Portal | 1 | |
4 total
TropicalThunder (
pink | 38 APM | 2500 actions | 65:20)
6 Archmage
3 Summon Water Elemental
2 Brilliance Aura
1 Mass Teleport
» actions
| Assign group hotkey | 102 | |
| Basic commands | 330 | |
| Build / train | 103 | |
| Enter build submenu | 60 | |
| Enter hero's abilities submenu | 8 | |
| Give item / drop item | 3 | |
| Right click | 817 | |
| Select / deselect | 558 | |
| Select group hotkey | 321 | |
| Use ability | 198 | |
2500 total
» units
| Peasant | 13 | |
| Footman | 4 | |
| Goblin Shredder | 1 | |
| Gryphon Rider | 5 | |
| Goblin Zeppelin | 5 | |
| Bronze Dragon | 12 | |
| Goblin Sapper | 17 | |
57 total
» upgrades
| Masonry | 3 | |
| Swords | 3 | |
| Armor | 3 | |
| Animal War Training | 1 | |
| Storm Hammers | 1 | |
| Cloud | 1 | |
12 total
» buildings
| Altar of Kings | 1 | |
| Barracks | 1 | |
| Farm | 23 | |
| Keep | 1 | |
| Town Hall | 3 | |
| Arcane Vault | 2 | |
| Lumber Mill | 1 | |
| Scout Tower | 32 | |
| Guard Tower | 12 | |
| Castle | 1 | |
| Gryphon Aviary | 4 | |
| Blacksmith | 2 | |
83 total
» build order
00:43 Altar of Kings
00:44 Barracks
00:51 Farm
00:52 Farm
01:04 Farm
01:06 Farm
01:07 Farm
01:47 Farm
03:54 Keep
03:59 Town Hall
04:14 Arcane Vault
04:53 Lumber Mill
06:27 Scout Tower
06:27 Scout Tower
06:28 Scout Tower
06:28 Scout Tower
06:28 Scout Tower
06:29 Scout Tower
07:34 Guard Tower
07:36 Guard Tower
07:36 Guard Tower
07:41 Farm
07:46 Guard Tower
08:08 Castle
08:10 Guard Tower
08:53 Scout Tower
08:54 Scout Tower
08:54 Scout Tower
08:55 Scout Tower
08:55 Scout Tower
08:55 Scout Tower
10:02 Gryphon Aviary
10:03 Gryphon Aviary
10:03 Gryphon Aviary
10:04 Gryphon Aviary
10:09 Blacksmith
10:11 Blacksmith
11:52 Farm
11:58 Guard Tower
12:59 Guard Tower
17:04 Town Hall
17:07 Scout Tower
17:07 Scout Tower
17:07 Scout Tower
17:08 Scout Tower
17:09 Scout Tower
17:09 Scout Tower
17:10 Scout Tower
17:10 Scout Tower
17:15 Arcane Vault
17:46 Scout Tower
17:47 Scout Tower
17:47 Scout Tower
17:47 Scout Tower
17:47 Scout Tower
17:51 Scout Tower
17:54 Scout Tower
17:56 Scout Tower
17:57 Scout Tower
17:57 Scout Tower
17:57 Scout Tower
18:02 Guard Tower
18:20 Guard Tower
18:29 Guard Tower
18:38 Farm
18:40 Farm
18:42 Farm
18:44 Farm
18:44 Farm
19:35 Guard Tower
27:56 Town Hall
50:10 Farm
50:23 Farm
50:25 Farm
50:25 Farm
50:26 Farm
51:43 Farm
51:47 Farm
51:50 Farm
51:52 Farm
51:54 Farm
» items
| Scroll of Regeneration | 4 | |
| Scroll of Town Portal | 6 | |
| Lesser Clarity Potion | 1 | |
| Mechanical Critter | 2 | |
13 total
Spencer (
blue | 52 APM | 2012 actions | 38:28)
6 Dreadlord
2 Vampiric Aura
3 Sleep
1 Inferno
» actions
| Assign group hotkey | 96 | |
| Basic commands | 2 | |
| Build / train | 90 | |
| Enter build submenu | 24 | |
| Enter hero's abilities submenu | 6 | |
| Give item / drop item | 1 | |
| Remove unit from queue | 9 | |
| Right click | 1155 | |
| Select / deselect | 475 | |
| Select group hotkey | 80 | |
| Use ability | 72 | |
2012 total
» units
| Acolyte | 4 | |
| Ghoul | 11 | |
| Obsidian Statue | 2 | |
| Abomination | 3 | |
| Banshee | 34 | |
| Crypt Fiend | 1 | |
| Meatwagon | 7 | |
| Goblin Zeppelin | 1 | |
63 total
» upgrades
| Unholy Strength | 3 | |
| Banshee Training | 2 | |
| Web | 0 | |
5 total
» buildings
| Altar of Darkness | 1 | |
| Ziggurat | 9 | |
| Crypt | 2 | |
| Nerubian Tower | 1 | |
| Tomb of Relics | 2 | |
| Halls of the Dead | 1 | |
| Graveyard | 1 | |
| Spirit Tower | 3 | |
| Black Citadel | 1 | |
| Slaughterhouse | 1 | |
| Temple of the Damned | 1 | |
| Altar of Storms | 1 | |
24 total
» build order
00:14 Altar of Darkness
00:19 Ziggurat
00:46 Crypt
01:15 Nerubian Tower
01:53 Crypt
02:30 Ziggurat
02:43 Ziggurat
02:54 Tomb of Relics
03:41 Halls of the Dead
04:03 Graveyard
04:56 Ziggurat
05:01 Ziggurat
05:04 Ziggurat
05:38 Spirit Tower
06:02 Black Citadel
06:41 Slaughterhouse
06:44 Temple of the Damned
09:12 Spirit Tower
09:16 Ziggurat
10:03 Ziggurat
12:13 Tomb of Relics
14:12 Spirit Tower
27:51 Ziggurat
38:06 Altar of Storms
team 2 (loser)

»
PadaWon. (
red | 76 APM | 1249 actions | 16:31)
4 Blademaster
2 Wind Walk
2 Critical Strike
3 Shadow Hunter
1 Hex
2 Healing Wave
1 Archmage
1 Brilliance Aura
1 Keeper of the Grove
1 Force of Nature
» actions
| Assign group hotkey | 26 | |
| Basic commands | 35 | |
| Build / train | 62 | |
| Enter build submenu | 12 | |
| Enter hero's abilities submenu | 9 | |
| Remove unit from queue | 1 | |
| Right click | 672 | |
| Select / deselect | 193 | |
| Select group hotkey | 172 | |
| Use ability | 67 | |
1249 total
» units
| Peon | 9 | |
| Wind Rider | 9 | |
| Rifleman | 7 | |
| Chimaera | 4 | |
29 total
» upgrades
| Envenomed Spears | 1 | |
| Armor | 1 | |
| Ranged Weapons | 1 | |
| Gunpowder | 2 | |
5 total
» buildings
| Altar of Storms | 1 | |
| Orc Burrow | 5 | |
| Voodoo Lounge | 1 | |
| Stronghold | 3 | |
| War Mill | 1 | |
| Beastiary | 2 | |
| Fortress | 2 | |
| Great Hall | 1 | |
| Arcane Vault | 1 | |
17 total
» build order
00:07 Altar of Storms
00:14 Orc Burrow
01:04 Voodoo Lounge
02:06 Stronghold
02:06 Stronghold
02:26 Orc Burrow
03:13 Orc Burrow
03:43 War Mill
04:27 Beastiary
04:29 Beastiary
05:44 Orc Burrow
06:42 Fortress
06:42 Fortress
09:09 Orc Burrow
09:40 Great Hall
12:12 Arcane Vault
» items
| Healing Salve | 2 | |
| Lesser Clarity Potion | 3 | |
| Orb of Lightning | 1 | |
| Scroll of Town Portal | 2 | |
8 total

»
gnortsmra (
orange | 46 APM | 442 actions | 09:41)
3 Archmage
2 Blizzard
1 Brilliance Aura
» actions
| Assign group hotkey | 11 | |
| Basic commands | 43 | |
| Build / train | 26 | |
| Enter build submenu | 21 | |
| Enter hero's abilities submenu | 3 | |
| Right click | 76 | |
| Select / deselect | 81 | |
| Select group hotkey | 149 | |
| Use ability | 32 | |
442 total
» units
| Peasant | 13 | |
| Footman | 3 | |
| Rifleman | 2 | |
| Goblin Shredder | 1 | |
19 total
» upgrades
» buildings
| Altar of Kings | 1 | |
| Farm | 7 | |
| Scout Tower | 4 | |
| Barracks | 2 | |
| Lumber Mill | 1 | |
| Blacksmith | 1 | |
| Keep | 1 | |
| Town Hall | 1 | |
| Castle | 1 | |
| Workshop | 2 | |
21 total
» build order
00:07 Altar of Kings
00:11 Farm
00:16 Scout Tower
00:22 Scout Tower
00:23 Scout Tower
01:15 Barracks
01:46 Farm
02:10 Farm
02:15 Barracks
02:59 Scout Tower
03:06 Lumber Mill
03:52 Blacksmith
04:35 Farm
04:37 Farm
05:23 Keep
06:15 Farm
06:19 Farm
08:54 Town Hall
08:57 Castle
08:59 Workshop
09:01 Workshop
KT. (
green | 45 APM | 2946 actions | 65:19)
6 Archmage
3 Summon Water Elemental
2 Brilliance Aura
1 Mass Teleport
» actions
| Assign group hotkey | 167 | |
| Basic commands | 100 | |
| Build / train | 222 | |
| ESC pressed | 10 | |
| Enter build submenu | 95 | |
| Enter hero's abilities submenu | 6 | |
| Right click | 1136 | |
| Select / deselect | 417 | |
| Select group hotkey | 514 | |
| Use ability | 279 | |
2946 total
» units
| Peasant | 15 | |
| Footman | 4 | |
| Goblin Shredder | 4 | |
| Dragonhawk Rider | 4 | |
| Priest | 4 | |
| Gryphon Rider | 6 | |
| Wisp | 14 | |
| Chimaera | 5 | |
| Peon | 5 | |
61 total
» upgrades
| Swords | 3 | |
| Armor | 3 | |
| Masonry | 6 | |
| Animal War Training | 1 | |
| Storm Hammers | 1 | |
| Cloud | 1 | |
| Lumber Harvesting | 2 | |
| Priest Training | 2 | |
| Nature's Blessing | 1 | |
| Reinforced Defenses | 1 | |
| Spiked Barricades | 2 | |
| Reinforced Hides | 1 | |
24 total
» buildings
| Altar of Kings | 1 | |
| Barracks | 1 | |
| Farm | 12 | |
| Arcane Vault | 3 | |
| Town Hall | 2 | |
| Keep | 3 | |
| Blacksmith | 2 | |
| Castle | 3 | |
| Lumber Mill | 1 | |
| Gryphon Aviary | 4 | |
| Scout Tower | 56 | |
| Guard Tower | 77 | |
| Arcane Sanctum | 1 | |
| Ancient Protector | 12 | |
| Watch Tower | 18 | |
196 total
» build order
00:59 Altar of Kings
01:01 Barracks
01:04 Farm
01:11 Farm
01:50 Farm
01:53 Farm
02:40 Arcane Vault
04:09 Town Hall
04:14 Town Hall
04:17 Arcane Vault
04:36 Keep
04:36 Keep
06:10 Blacksmith
06:11 Blacksmith
07:21 Castle
07:22 Castle
07:22 Castle
07:32 Lumber Mill
08:44 Gryphon Aviary
08:50 Gryphon Aviary
09:31 Gryphon Aviary
09:34 Gryphon Aviary
09:50 Scout Tower
09:51 Scout Tower
09:52 Scout Tower
09:53 Scout Tower
09:53 Scout Tower
09:54 Scout Tower
09:55 Scout Tower
09:57 Scout Tower
09:58 Scout Tower
09:59 Scout Tower
10:00 Scout Tower
10:03 Scout Tower
10:27 Guard Tower
10:27 Guard Tower
10:27 Guard Tower
11:06 Guard Tower
11:06 Guard Tower
12:38 Scout Tower
12:41 Scout Tower
12:44 Scout Tower
12:48 Scout Tower
12:51 Scout Tower
12:54 Scout Tower
12:56 Scout Tower
12:58 Scout Tower
12:59 Scout Tower
13:02 Scout Tower
13:33 Scout Tower
13:34 Scout Tower
13:43 Guard Tower
13:46 Guard Tower
13:46 Guard Tower
13:46 Guard Tower
14:03 Farm
14:13 Guard Tower
14:13 Guard Tower
14:13 Guard Tower
15:10 Guard Tower
15:11 Guard Tower
15:11 Guard Tower
15:18 Arcane Sanctum
17:15 Guard Tower
17:15 Guard Tower
17:18 Guard Tower
17:23 Scout Tower
17:24 Scout Tower
17:25 Scout Tower
17:27 Scout Tower
17:28 Scout Tower
17:31 Scout Tower
17:34 Scout Tower
18:14 Guard Tower
18:14 Guard Tower
18:20 Scout Tower
18:20 Scout Tower
18:21 Scout Tower
18:21 Scout Tower
18:22 Scout Tower
18:22 Scout Tower
18:23 Scout Tower
18:24 Scout Tower
18:25 Scout Tower
18:26 Scout Tower
18:26 Scout Tower
18:27 Scout Tower
18:28 Scout Tower
18:28 Scout Tower
18:29 Scout Tower
18:31 Guard Tower
18:31 Guard Tower
18:32 Guard Tower
18:36 Ancient Protector
18:36 Ancient Protector
18:38 Ancient Protector
18:46 Ancient Protector
18:47 Ancient Protector
18:55 Ancient Protector
18:57 Guard Tower
18:57 Guard Tower
18:58 Guard Tower
19:02 Guard Tower
19:03 Guard Tower
19:11 Farm
19:13 Farm
19:21 Guard Tower
19:24 Guard Tower
19:25 Guard Tower
19:25 Guard Tower
19:25 Guard Tower
19:25 Guard Tower
19:28 Guard Tower
19:29 Guard Tower
19:29 Guard Tower
19:32 Scout Tower
19:33 Scout Tower
19:33 Scout Tower
19:55 Scout Tower
19:56 Scout Tower
19:59 Scout Tower
20:00 Scout Tower
20:00 Scout Tower
20:02 Scout Tower
20:04 Guard Tower
20:04 Guard Tower
20:04 Guard Tower
20:29 Guard Tower
20:29 Guard Tower
20:30 Guard Tower
20:31 Guard Tower
20:31 Guard Tower
20:31 Scout Tower
21:22 Guard Tower
21:22 Guard Tower
21:50 Guard Tower
21:51 Guard Tower
21:51 Guard Tower
21:59 Farm
23:16 Ancient Protector
23:18 Ancient Protector
23:19 Ancient Protector
23:20 Ancient Protector
23:22 Ancient Protector
23:30 Watch Tower
23:33 Watch Tower
23:34 Watch Tower
23:35 Watch Tower
23:36 Watch Tower
23:38 Watch Tower
23:39 Watch Tower
25:05 Watch Tower
25:06 Watch Tower
25:11 Watch Tower
25:42 Watch Tower
25:46 Watch Tower
26:25 Watch Tower
26:32 Watch Tower
26:34 Watch Tower
26:40 Watch Tower
27:13 Ancient Protector
27:37 Watch Tower
27:43 Watch Tower
28:23 Farm
28:24 Farm
28:25 Farm
28:26 Farm
31:43 Arcane Vault
» items
| Scroll of Regeneration | 2 | |
| Mechanical Critter | 3 | |
| Scroll of Town Portal | 2 | |
| Staff of Sanctuary | 1 | |
| Potion of Healing | 1 | |
| Ivory Tower | 8 | |
17 total

»
incredibl3hulk (
yellow | 48 APM | 708 actions | 14:38)
3 Keeper of the Grove
1 Force of Nature
2 Entangling Roots
» actions
| Assign group hotkey | 8 | |
| Basic commands | 7 | |
| Build / train | 31 | |
| Enter build submenu | 15 | |
| Enter hero's abilities submenu | 3 | |
| Right click | 235 | |
| Select / deselect | 148 | |
| Select group hotkey | 223 | |
| Use ability | 38 | |
708 total
» units
» upgrades
| Strength of the Wild | 3 | |
| Reinforced Hides | 2 | |
| Corrosive Breath | 1 | |
6 total
» buildings
| Moon Well | 9 | |
| Altar of Elders | 1 | |
| Tree of Ages | 1 | |
| Hunter's Hall | 1 | |
| Tree of Eternity | 1 | |
| Ancient of Wind | 1 | |
| Chimaera Roost | 3 | |
17 total
» build order
00:11 Moon Well
00:13 Altar of Elders
01:58 Moon Well
02:58 Moon Well
03:34 Tree of Ages
03:38 Hunter's Hall
03:55 Moon Well
04:19 Moon Well
05:12 Moon Well
05:32 Moon Well
05:59 Tree of Eternity
06:12 Moon Well
06:18 Ancient of Wind
08:21 Chimaera Roost
08:23 Chimaera Roost
08:25 Chimaera Roost
10:03 Moon Well
Chat log
(00:26 / Allies) Spencer: going banshees
(00:28 / Allies) Spencer: please
(00:30 / Allies) Spencer: for the love of god
(00:31 / Allies) Spencer: get AA
(00:52 / Allies) Kermit: i will get casters
(01:31 / Allies) Spencer: actually
(01:36 / Allies) Spencer: fuck this, getting mass ghouls
(01:51 / Allies) Kermit: casters
(02:20 / Allies) Spencer: hay teal
(03:14 / Allies) Kermit: my mine pink
(03:18 / Allies) TropicalThunder: I'm already creeping it
(04:14 / Allies) Kermit: at least feed if u can
(05:28 / Allies) Spencer: :(
(06:28 / Allies) Spencer: there you go
(07:58 / Allies) Kermit: pink can u feed a bit?
(08:04 / Allies) omicron: fuck
(08:05 / All) omicron: fuck lag
(08:40 / Allies) TropicalThunder: b
(09:13 / All) TropicalThunder: omfg
(09:14 / All) omicron: vai toma no cuh
(09:21 / Allies) omicron: gg
(09:35 / All) Spencer: everyone goes just mas air nowadays
(09:40 / Allies) omicron: bye
(09:41 / All) TropicalThunder: d
(09:41 / All) KT.: D
(10:23 / Allies) Kermit: coming
(12:17 / All) Spencer: people always attack my base
(12:29 / Allies) Kermit: pink feed me
(12:31 / All) Spencer: my god
(12:32 / All) Spencer: fuck
(12:34 / All) KT.: they go for the easy player to eliminatr
(13:35 / Allies) Kermit: meet
(13:36 / Allies) Kermit: come
(13:37 / Allies) Kermit: lets hit
(14:00 / Allies) Kermit: i need tp
(14:01 / Allies) Kermit: ...
(14:58 / All) KT.: polymorph op
(16:57 / All) Spencer: every
(16:59 / All) Spencer: fucking game
(17:01 / All) Spencer: I go banshees
(17:03 / All) Spencer: people go air
(17:06 / All) Spencer: EVERY GAME
(17:14 / Allies) Kermit: pink feed me
(17:21 / Allies) TropicalThunder: aight wood me
(17:43 / Allies) TropicalThunder: hang on a sec
(19:04 / Allies) Spencer: kill those
(19:11 / Allies) Spencer: they are killing our resupply
(22:10 / Allies) Spencer: don't kil the peaants
(22:16 / Allies) Spencer: stop
(22:18 / Allies) Spencer: I need to posses one
(22:22 / Allies) Spencer: stop
(22:25 / Allies) Spencer: stop
(22:26 / Allies) Spencer: stop
(22:27 / Allies) Spencer: stop
(22:28 / Allies) Spencer: stop
(22:35 / Allies) Spencer: \god dabnit]
(22:37 / Allies) Spencer: GOD DAMNIT
(24:36 / Allies) Kermit: b
(24:37 / Allies) Kermit: b
(25:14 / Allies) omicron: me heal
(26:56 / All) omicron: fuckj noob towers
(26:59 / All) KT.: lawl
(27:06 / All) KT.: noobs having trouble with a few buildings?
(28:01 / All) KT.: noobs having trouble with a few buildings?
(28:47 / Allies) Kermit: lets hit
(28:53 / Allies) Kermit: i'll morph his griyphs
(29:01 / Allies) Spencer: ready?
(29:04 / Allies) Spencer: get ready
(29:34 / All) KT.: you can't tavern allied heroes
(29:36 / All) KT.: that's complete bs
(30:19 / Allies) Kermit: pink come on dude
(30:20 / Allies) omicron: gogogogo
(30:21 / Allies) omicron: all
(31:20 / Allies) omicron: fuck you
(31:43 / All) TropicalThunder: purple is tk
(31:54 / All) omicron: tk
(31:56 / All) KT.: is that why you have been hving so much trouble 4v1?
(31:57 / All) omicron: noob team
(32:09 / All) TropicalThunder: Yes purple tk
(33:24 / Allies) omicron: gold
(33:27 / Allies) omicron: for hero
(33:39 / Allies) omicron: fast
(33:43 / Allies) omicron: more
(33:43 / Allies) omicron: fast
(34:17 / Allies) omicron: fuck you
(34:33 / Allies) TropicalThunder: raped lol
(34:43 / All) KT.: noobs
(34:44 / Allies) TropicalThunder: Don't mess with the dragon master
(34:54 / Allies) TropicalThunder: yeah
(34:56 / Allies) omicron: way?????
(35:01 / Allies) TropicalThunder: run bitch
(35:03 / Allies) TropicalThunder: DRAGON MASTER IS HERE
(35:05 / All) KT.: scrubs can't 4v1?
(35:28 / Allies) TropicalThunder: can't touch the dragon master
(35:42 / Allies) TropicalThunder: You came to the wrong neighborhood motherfucker
(37:20 / Allies) TropicalThunder: You mirin my dragons?
(37:41 / All) TropicalThunder: Lightning dragons own
(38:03 / All) TropicalThunder: the splash dmg is cray
(38:30 / Allies) TropicalThunder: That break your heardt?
(38:49 / All) TropicalThunder: he tried to run his peon that he was bitching about getting out
(38:52 / All) TropicalThunder: the undead did
(40:12 / Allies) TropicalThunder: That one matters lol
(41:19 / All) omicron: tk
(41:22 / All) omicron: atack we win
(41:24 / All) omicron: please
(41:24 / All) TropicalThunder: Yeah purple is a tk
(41:31 / All) omicron: kill thunder noob
(42:16 / Allies) TropicalThunder: Don't mess with the dragon master bitch
(42:18 / All) omicron: no leave purp
(42:25 / Allies) Kermit: lol
(43:23 / All) KT.: Leave noobs
(43:24 / All) TropicalThunder: Trying to hurt my business I see
(43:24 / All) KT.: I own you 1v4
(43:26 / All) KT.: scrubs
(43:39 / All) TropicalThunder: Envious of my mighty dragon hordes
(45:46 / Allies) omicron: k
(45:47 / Allies) omicron: kk
(45:48 / Allies) omicron: kkkkk
(47:21 / Allies) omicron: kill all
(48:40 / Allies) TropicalThunder: When willl you newbies learn
(48:48 / Allies) TropicalThunder: resistance against the dragon master is futile
(49:03 / Allies) TropicalThunder: The dragon horde is without beginning or end and cannot be conquered
(49:40 / Allies) omicron:
(49:53 / Allies) omicron: delicius
(50:31 / Allies) omicron: you're an idiot asshole and baby
(50:50 / Allies) TropicalThunder: No that's not correct
(50:55 / Allies) TropicalThunder: I am THE DRAGON MASTER
(51:02 / Allies) TropicalThunder: and I am above such petty human conceptions
(51:10 / Allies) omicron: his mother is sucking me now and tasty
(52:12 / Allies) omicron: surely you are someone who nobody likes a fat nerd, ugly and friendless
(52:31 / Allies) TropicalThunder: Maybe I was before I became THE DRAGON MASTER
(52:37 / Allies) TropicalThunder: But now I am above such human concerns
(52:49 / Allies) TropicalThunder: I cultivate a massive dragon horde
(52:59 / Allies) TropicalThunder: I weed out the weaklings like you from BattleNet
(53:15 / Allies) TropicalThunder: There is only so much room and my DRAGON HORDES must occupy the bulk of it
(53:32 / Allies) omicron: and ass who only knows repeat the same thing ...baby fat, ugly, smelly, no friend, despised ...
(53:47 / Allies) TropicalThunder: Your mother doesn't despise me
(53:53 / Allies) omicron: game not finish
(53:54 / Allies) TropicalThunder: She is most impressed by my DRAGON HORDES
(54:08 / Allies) TropicalThunder: Your father was a transexual so she was ready for my manly American cock
(54:20 / Allies) TropicalThunder: She kept screaming, OH FUCK ME DRAGON MASTER
(54:25 / Allies) TropicalThunder: YEAH THAT'S IT
(54:31 / Allies) TropicalThunder: I am your stepdaddy now, THE DRAGON MASTAER
(54:44 / Allies) omicron: or creativity has, it has to be imitating ...ass even kkkkkkkkkkkkkkkkkkkk
(56:09 / Allies) omicron: KT, attacks soon, he is alone, killed all other friendly units
(56:19 / All) omicron: KT, attacks soon, he is alone, killed all other friendly units
(56:22 / Allies) TropicalThunder: He can't read allied chat you foolish HUEHUEHUE
(56:39 / All) KT.: oh yeah?
(57:00 / All) omicron: have 10 dragon
(57:03 / All) TropicalThunder: Teal is upset because his mother is fucking THE DRAGON MASTER
(57:10 / All) TropicalThunder: and loves being his submissive sex slave
(57:44 / All) TropicalThunder: Teal how does it make you feel that THE DRAGON MASTER is pounding your mom's big brazilian ass?
(58:11 / All) omicron: 14 farm kill, you win KT
(58:22 / All) TropicalThunder: Don't dodge my questions stepson
(58:29 / All) TropicalThunder: We need to talk this out so we can bond as a family
(58:53 / Allies) omicron: I am not seeing you more or asshole
(60:00 / All) TropicalThunder: TEal says he refuses to see me
(60:08 / All) TropicalThunder: I guess he's going to take his suppers in his room
(60:26 / All) TropicalThunder: Someday you'll come around to having THE DRAGON MASTER for stepdady
(60:42 / All) TropicalThunder: It's not that big of a deal that THE DRAGON MASTER pounds your mom's big brazilian ass is it
(61:09 / Allies) omicron: I go there to eat his mother a little more and I'll be back
(61:24 / Allies) TropicalThunder: you'll do no such thing you'll be grounded young man
(64:27 / Allies) TropicalThunder: Anything to say for yourself, young man?
(64:35 / Allies) TropicalThunder: Before THE DRAGON MASTER ends the game and gives you a loss?
(65:15 / Allies) TropicalThunder: Alright young man, time for me to have some fun with your mom's big brazilian ass